 Dungeon Crawl Stone Soup version 0.23.1 (webtiles) character file.

Game seed: 2356247796975580246

63 Chiseanne the Thaumaturge (level 4, -1/32 HPs)
             Began as a Gnoll Wanderer on Mar 14, 2019.
             Slain by an adder (4 damage)
             ... on level 2 of the Dungeon.
             The game lasted 00:03:58 (1683 turns).

Chiseanne the Thaumaturge (Gnoll Wanderer)          Turns: 1683, Time: 00:03:59

Health: -1/32      AC:  2    Str: 11    XL:     4   Next: 10%
Magic:  6/15       EV: 12    Int: 19    God:
Gold:   101        SH:  0    Dex: 14    Spells: 20/21 levels left

rFire    . . .     SeeInvis .   a - +2 dagger (venom)
rCold    . . .     Gourm    .   (no shield)
rNeg     . . .     Faith    .   c - +0 robe
rPois    .         Spirit   .   (no helmet)
rElec    .         Reflect  .   (no cloak)
rCorr    .         Harm     .   (no gloves)
MR       .....                  (no boots)
Stlth    ++........             (no amulet)
HPRegen  0.10/turn              (no ring)
MPRegen  0.14/turn              (no ring)

@: lethally poisoned (-1 -> -8), very slightly contaminated
A: distributed training, fangs 1, strong nose
a: no special abilities


You were on level 2 of the Dungeon.
You were not hungry.

You visited 1 branch of the dungeon, and saw 2 of its levels.

You collected 101 gold pieces.

Inventory:

Hand Weapons
 a - a +2 dagger of venom (weapon)
Missiles
 g - 58 stones (quivered)
 l - 69 arrows
Armour
 c - a +0 robe (worn)
Jewellery
 m - an uncursed ring of protection from magic {unknown}
Scrolls
 b - 2 scrolls of teleportation
 h - a scroll of identify
 j - a scroll of fog
 n - a scroll of enchant armour {unknown}
Potions
 d - a potion of invisibility {unknown}
 e - a potion of haste
 i - 2 potions of flight
 k - a potion of mutation {unknown}
Comestibles
 f - 3 rations
 o - 5 chunks of flesh


   Skills:
 + Level 1.0 Fighting
 + Level 1.0 Short Blades
 + Level 1.0 Long Blades
 + Level 1.0 Axes
 + Level 1.0 Maces & Flails
 + Level 1.0 Polearms
 + Level 1.0 Staves
 + Level 1.0 Slings
 + Level 1.0 Bows
 + Level 1.0 Crossbows
 + Level 1.0 Throwing
 + Level 1.0 Armour
 + Level 1.0 Dodging
 + Level 2.5 Stealth
 + Level 2.7 Shields
 + Level 1.0 Unarmed Combat
 + Level 9.3 Spellcasting
 + Level 0.7 Conjurations
 + Level 2.2 Hexes
 + Level 0.7 Charms
 + Level 0.7 Summonings
 + Level 0.7 Necromancy
 + Level 0.7 Translocations
 + Level 2.2 Transmutations
 + Level 0.7 Fire Magic
 + Level 0.7 Ice Magic
 + Level 3.8 Air Magic
 + Level 0.7 Earth Magic
 + Level 0.7 Poison Magic
 + Level 1.1 Invocations
 + Level 1.0 Evocations


You had 20 spell levels left.
You knew the following spells:

 Your Spells              Type           Power        Failure   Level  Hunger
a - Magic Dart            Conj           ##..         6%          1    None

Your spell library contained the following spells:

 Spells                   Type           Power        Failure   Level  Hunger
 Slow                     Hex            ###.....     4%          2    None
 Blink                    Tloc           N/A          9%          2    None
 Call Imp                 Summ           ##......     9%          2    None
 Mephitic Cloud           Conj/Pois/Air  ###.....     12%         3    None
 Conjure Flame            Conj/Fire      ##......     17%         3    None


Dungeon Overview and Level Annotations

Branches:
Dungeon (2/15)

Altars:


Innate Abilities, Weirdness & Mutations

Your experience applies equally to all skills.
You have very sharp teeth.
Your uncanny sense of smell can sniff out nearby items.


Message History

Aiming: Magic Dart (safe; 6% risk of failure)
Press: ? - help, Shift-Dir - straight line, f/p - adder
Aim: an adder (moderately wounded)
The magic dart hits the adder.
The adder is heavily wounded.
The adder misses you. x2; The adder bites you.
* * * LOW HITPOINT WARNING * * *
You are lethally poisoned!
The adder poisons you!
Casting: Magic Dart (safe; 6% risk of failure)
Confirm with . or Enter, or press ? or * to list all spells.
Aiming: Magic Dart (safe; 6% risk of failure)
Press: ? - help, Shift-Dir - straight line, f/p - adder
Aim: an adder (heavily wounded)
The magic dart hits the adder.
You kill the adder!
You have reached level 4!
You feel clever. The adder closely misses you. The adder bites you.
You die...

######################..........
#...........##.........####..###
#...).......#.......#..# ##
#......................#
#...........#.......##.#
#........................
##.....#.#''#.#....###.###
##.......#..#.S†.......#
#......########@....##.#
#......'.#....'.....##.
#......÷.#[...'........
#......########...####.
#........#..#..†###
##.....#.#))#.#.#
##........÷....# ###...#########
#####


You could see an adder.

Vanquished Creatures
  3 adders (D:2)
  3 worms (D:2)
  A leopard gecko (D:2)
  5 goblins
  5 hobgoblins
  2 bats (D:2)
  A frilled lizard (D:2)
  6 kobolds
  4 rats
30 creatures vanquished.

Notes
Turn   | Place    | Note
-------+----------+-------------------------------------------
     0 | D:1      | Reached skill level 9 in Spellcasting
     0 | D:1      | Chiseanne the Gnoll Wanderer began the quest for the Orb.
     0 | D:1      | Chiseanne set off with the following items: 2 scrolls of
                  | teleportation, a +0 robe, a +0 dagger, a ration; and the
                  | following spell memorised: Magic Dart; and the following
                  | spells available to memorise: Slow, Blink, Call Imp,
                  | Mephitic Cloud, Conjure Flame
     0 | D:1      | Reached XP level 1. HP: 13/13 MP: 10/10
   313 | D:1      | Reached XP level 2. HP: 19/19 MP: 2/12
  1150 | D:2      | Reached XP level 3. HP: 21/25 MP: 5/13
  1532 | D:2      | Reached skill level 1 in Invocations
  1640 | D:2      | Reached skill level 1 in Fighting
  1640 | D:2      | Reached skill level 1 in Short Blades
  1640 | D:2      | Reached skill level 1 in Long Blades
  1640 | D:2      | Reached skill level 1 in Axes
  1640 | D:2      | Reached skill level 1 in Maces & Flails
  1640 | D:2      | Reached skill level 1 in Polearms
  1640 | D:2      | Reached skill level 1 in Staves
  1640 | D:2      | Reached skill level 1 in Slings
  1640 | D:2      | Reached skill level 1 in Bows
  1640 | D:2      | Reached skill level 1 in Crossbows
  1640 | D:2      | Reached skill level 1 in Throwing
  1640 | D:2      | Reached skill level 1 in Armour
  1640 | D:2      | Reached skill level 1 in Dodging
  1640 | D:2      | Reached skill level 1 in Unarmed Combat
  1640 | D:2      | Reached skill level 1 in Evocations
  1683 | D:2      | Reached XP level 4. HP: 3/32 MP: 6/15
  1683 | D:2      | Slain by an adder

Skill      XL: |  1  2  3 |
---------------+----------+-----
Spellcasting   | |  9.3
Hexes          | 2 |  2.2
Transmutations | 2 |  2.2
Invocations    | 1 |  1.1
Fighting       | 1 |  1.0
Short Blades   | 1 |  1.0
Long Blades    | 1 |  1.0
Axes           | 1 |  1.0
Maces & Flails | 1 |  1.0
Polearms       | 1 |  1.0
Staves         | 1 |  1.0
Slings         | 1 |  1.0
Bows           | 1 |  1.0
Crossbows      | 1 |  1.0
Throwing       | 1 |  1.0
Armour         | 1 |  1.0
Dodging        | 1 |  1.0
Unarmed Combat | 1 |  1.0
Evocations     | 1 |  1.0
Stealth        | |  2.5
Shields        | |  2.7
Conjurations   | |  0.7
Charms         | |  0.7
Summonings     | |  0.7
Necromancy     | |  0.7
Translocations | |  0.7
Fire Magic     | |  0.7
Ice Magic      | |  0.7
Air Magic      | |  3.8
Earth Magic    | |  0.7
Poison Magic   | |  0.7

Action                   |  1- 3 |  4- 6 || total
-------------------------+-------+-------++-------
Melee: Dagger            |    24 |       ||    24
       Bite              |     1 |       ||     1
 Cast: Magic Dart        |    66 |     1 ||    67
  Use: Scroll            |     3 |       ||     3
  Eat: Chunk             |     2 |       ||     2
Armor: Robe              |     5 |       ||     5
Dodge: Dodged            |    38 |     1 ||    39
